 Dungeon Crawl Stone Soup version 0.26-a0-52-gd53d4cd058 (webtiles) character file.

Game seed: 9487724171361878790

47 Hasart the Chopper (level 3, -1/37 HPs)
             Began as an Ogre Gladiator on June 7, 2020.
             Slain by a hobgoblin
             ... wielding a +0 war axe
              (3 damage)
             ... on level 2 of the Dungeon.
             The game lasted 00:01:08 (819 turns).

Hasart the Chopper (Ogre Gladiator)                  Turns: 819, Time: 00:01:09

Health: -1/37      AC:  3    Str: 18    XL:     3   Next: 70%
Magic:  3/3        EV: 10    Int: 10    God:
Gold:   72         SH:  0    Dex: 10    Spells: 2/2 levels left

rFire    . . .     SeeInvis .   a - +0 war axe
rCold    . . .     Gourm    .   (no shield)
rNeg     . . .     Faith    .   b - +0 robe
rPois    +         Spirit   .   c - +0 hat
rElec    .         Reflect  .   (no cloak)
rCorr    .         Harm     .   (gloves unavailable)
MR       .....                  (boots unavailable)
Stlth    +.........             (no amulet)
HPRegen  0.12/turn              l - ring of poison resistance
MPRegen  0.08/turn              (no ring)

@: no status effects
A: large, unfitting armour, tough skin 1
a: no special abilities


You were on level 2 of the Dungeon.
You were not hungry.

You visited 1 branch of the dungeon, and saw 2 of its levels.

You collected 72 gold pieces.

Inventory:

Hand Weapons
 a - a +0 war axe (weapon)
Missiles
 d - 3 throwing nets (quivered)
Armour
 b - a +0 robe (worn)
 c - a +0 hat (worn)
Jewellery
 g - an uncursed ring of protection from cold {unknown}
 l - a ring of poison resistance (left hand)
Scrolls
 e - a scroll of remove curse {unknown}
 h - a scroll of fear {unknown}
 j - a scroll of identify {unknown}
 k - a scroll of blinking {unknown}
 n - a scroll of magic mapping {unknown}
 o - a scroll of teleportation {unknown}
Potions
 i - a potion of invisibility {unknown}
 m - a potion of curing {unknown}
 p - a potion of stabbing {unknown}
 q - a potion of ambrosia {unknown}
Comestibles
 f - 4 rations
 r - a chunk of flesh


   Skills:
 + Level 3.3 Fighting
 * Level 3.6 Axes
 + Level 2.4 Throwing
 + Level 3.0 Dodging


You had 2 spell levels left.
You didn't know any spells.
Your spell library was empty.

Dungeon Overview and Level Annotations

Branches:
Dungeon (2/15)

Altars:
Kikubaaqudgha


Innate Abilities, Weirdness & Mutations

You are too large for most types of armour.
You have tough skin. (AC +1)


Message History

Terence is almost dead.
Terence hits you with a +0 falchion!
* * * LOW HITPOINT WARNING * * *
You slash Terence!
You kill Terence!
Your Dodging skill increases to level 3!
You have reached level 3!
Your experience leads to an increase in your attributes!
Increase (S)trength, (I)ntelligence, or (D)exterity?
You feel clever.
You feel stronger.
You start resting.
A hobgoblin comes into view. It is wielding a +0 war axe.
The hobgoblin shouts!
The hobgoblin barely misses you.
You barely miss the hobgoblin.
The hobgoblin hits you with a +0 war axe.
* * * LOW HITPOINT WARNING * * *
You hit the hobgoblin but do no damage.
The hobgoblin hits you with a +0 war axe.
You die...

##### #...######
###......÷.#
##.....####.######
#..g@.)..........#
#..#....########.##
#..####.#....##...#
#.. .#._.....⌠.#
... .#.≈.......# ..
.#..≈≈≈≈≈..# . .
.##...≈≈≈≈.# ...
##...≈≈≈..#
#..#....≈≈≈..#


You could see a hobgoblin.

Vanquished Creatures
  Terence (D:2)
  A leopard gecko (D:2)
  A ball python (D:2)
  A giant cockroach (D:1)
  4 goblins (D:1)
  2 hobgoblins (D:1)
  11 frilled lizards (D:1)
  A kobold (D:1)
  2 rats (D:2)
24 creatures vanquished.

Notes
Turn   | Place    | Note
-------+----------+-------------------------------------------
     0 | D:1      | Hasart the Ogre Gladiator began the quest for the Orb.
     0 | D:1      | Reached XP level 1. HP: 22/22 MP: 1/1
   192 | D:1      | Reached XP level 2. HP: 20/29 MP: 2/2
   767 | D:2      | Found an ancient bone altar of Kikubaaqudgha.
   791 | D:2      | Noticed Terence
   806 | D:2      | HP: 1/31 [Terence/+0 falchion (8)]
   807 | D:2      | Killed Terence
   807 | D:2      | Reached XP level 3. HP: 2/37 MP: 3/3
   819 | D:2      | Slain by a hobgoblin

Illustrated notes

Levels and vault maps discovered:
D:1:      onia_arrival_mini_maze_b, layout_loops_ring, minmay_lizard_pond
D:2:      layout_rooms, kiku_gazebo_pond_becter, first_ration, uniq_terence

Skill      XL: |  1  2 |
---------------+-------+-----
Fighting       | 3 |  3.3
Dodging        | 3 |  3.0
Axes           | |  3.6
Throwing       | |  2.4

Action                   || total
-------------------------++-------
Melee: War axe           ||    67
Armor: Robe              ||    15
Dodge: Dodged            ||    35

Table legend:
 A = Non-vault XP
 B = Vault XP
 C = Vault XP percentage of total XP
 D = Non-vault monster count
 E = Vault monster count
 F = Vault count percentage of total count
                 A         B        C        D         E       F
            +---------+---------+-------+---------+---------+-------
      Total |      23 |      45 |  66.2 |      14 |      10 |  41.7
            +---------+---------+-------+---------+---------+-------
        D:1 |      16 |       9 |  36.0 |      10 |       9 |  47.4
        D:2 |       7 |      36 |  83.7 |       4 |       1 |  20.0
            +---------+---------+-------+---------+---------+-------
